AoeStats
← GianpaMX

Arena

510244709Analyzed
4v4 RM · 2d ago on Sep 30, 2026· 48m 27s· 8 players
Game mode
Random Map
Map size
Large (8 player)
Population
200
Speed
Normal
Resources
Standard
Victory
Conquest
Starting age
Dark Age
Ending age
Imperial Age
RankedLock teamsTeams togetherTeam positionsShared explorationLock speedFull tech treeHidden civsTurbo modeCheats
Victory
Defeat
🇨🇳 Huns · China
1179
+17
🇨🇳 Shu · China
1108
+19
🇨🇳 Wei · China
1092
+20
🇨🇳 Persians · China
1031
+22
🇲🇽 Turks · Mexico
1225
-21
🇲🇽 Hindustanis · Mexico
1212
-21
🇲🇽 Khmer · Mexico
1203
-20
🇲🇽 Maya · Mexico
1093
-16
178296399
10:09 Feudal Age
15:29 Castle Age
14:16 Double-Bit Axe
14:14 Horse Collar
27:51 Imperial Age
25:36 Loom
26:26 Wheelbarrow
25:36 Town Watch
25:56 Heavy Plow
26:18 Bow Saw
26:11 Stone Mining
26:11 Gold Mining
26:11 Stone Mining
27:39 Gold Mining
28:24 Stone Shaft Mining
29:02 Conscription
29:22 Crop Rotation
31:05 Two-Man Saw
30:42 Hand Cart
30:44 Cavalier
31:56 Town Patrol
32:10 Scale Barding Armor
34:01 Gold Shaft Mining
34:18 Bloodlines
34:08 Husbandry
35:33 Elite War Elephant
36:54 Light Cavalry
38:07 Chain Barding Armor
37:47 Scale Mail Armor
37:58 Forging
38:42 Crossbowman
40:04 Kamandaran
40:11 Thumb Ring
40:02 Fletching
40:13 Padded Archer Armor
42:25 Chemistry
41:39 Hussar
43:17 Iron Casting
42:58 Chain Mail Armor
43:30 Ballistics
43:36 Capped Ram
45:42 Blast Furnace
44:57 Chain Mail Armor
46:00 Bodkin Arrow
46:20 Leather Archer Armor
47:27 Plate Barding Armor
46:30 Savar
48:15 Ring Archer Armor
48:18 Plate Mail Armor
^_^
10:33 Feudal Age
11:59 Double-Bit Axe
14:32 Castle Age
12:18 Horse Collar
28:13 Imperial Age
25:30 Loom
26:37 Wheelbarrow
25:57 Town Watch
26:06 Gold Mining
26:50 Scale Barding Armor
26:55 Forging
27:24 Forging
28:20 Chain Barding Armor
28:20 Stone Mining
29:23 Iron Casting
28:15 Pikeman
29:20 Conscription
29:24 Scale Mail Armor
30:05 Plate Barding Armor
30:43 Chain Mail Armor
30:43 Marauders
32:13 Blast Furnace
30:43 Halberdier
31:24 Squires
31:10 Arson
31:11 Elite Tarkan
32:26 Bloodlines
32:16 Husbandry
32:49 Bow Saw
33:45 Gold Shaft Mining
38:39 Hand Cart
38:26 Town Patrol
39:31 Heavy Plow
casuai
8:17 Loom
10:59 Feudal Age
11:52 Town Watch
14:53 Castle Age
12:47 Double-Bit Axe
13:27 Horse Collar
16:11 Bow Saw
22:06 Fletching
22:16 Padded Archer Armor
22:05 Crossbowman
23:37 Bodkin Arrow
THEONE
0:35 Loom
11:44 Feudal Age
13:09 Double-Bit Axe
20:22 Castle Age
GianpaMX
11:21 Feudal Age
15:16 Castle Age
13:31 Horse Collar
13:58 Double-Bit Axe
16:25 Heavy Plow
17:09 Bow Saw
20:17 Forging
22:01 Iron Casting
22:35 Wheelbarrow
22:43 Scale Barding Armor
23:23 Bloodlines
23:14 Husbandry
24:10 Chain Barding Armor
24:42 Hand Cart
28:25 Gold Mining
29:48 Gold Shaft Mining
35:32 Stone Mining
40:19 Loom
43:02 Fletching
Hogos
10:50 Feudal Age
14:32 Castle Age
19:54 Imperial Age
19:05 Double-Bit Axe
21:22 Town Watch
31:40 Loom
32:30 Wheelbarrow
33:11 Bow Saw
32:42 Horse Collar
33:55 Padded Archer Armor
35:58 Heavy Plow
36:45 Fortified Wall
37:13 Wheelbarrow
37:04 Gold Mining
37:19 Fletching
37:40 Heavy Cavalry Archer
38:31 Bodkin Arrow
38:52 Leather Archer Armor
38:39 Husbandry
38:49 Bloodlines
38:55 Thumb Ring
39:38 Bracer
40:16 Wheelbarrow
39:54 Stone Mining
41:14 Gold Shaft Mining
41:33 Ring Archer Armor
41:53 Hand Cart
43:44 Two-Man Saw
43:14 Scale Barding Armor
43:19 Forging
44:40 Sipahi
46:26 Murder Holes
goji_1111
8:44 Loom
10:29 Feudal Age
13:45 Castle Age
12:02 Double-Bit Axe
15:13 Bow Saw
16:49 Crossbowman
20:54 Fletching
21:04 Padded Archer Armor
24:07 Wheelbarrow
29:38 Hand Cart
30:05 Horse Collar
30:46 Stone Mining
32:43 Gold Mining
34:24 Gold Shaft Mining
34:25 Stone Shaft Mining
35:18 Bodkin Arrow
36:20 Stone Shaft Mining
40:09 Imperial Age
37:57 Heavy Plow
39:04 Leather Archer Armor
38:59 Forging
39:11 Tusk Swords
40:16 Scale Barding Armor
41:16 Bloodlines
41:07 Husbandry
41:27 Fortified Wall
41:38 Ballistics
43:44 Chemistry
43:05 Bracer
43:29 Conscription
43:27 Pikeman
43:35 Elite Battle Elephant
45:00 Crop Rotation
45:08 Iron Casting
45:38 Scale Mail Armor
45:08 Halberdier
HunabKu
0:34 Loom
12:04 Feudal Age
13:04 Double-Bit Axe
13:13 Gold Mining
18:24 Castle Age
17:20 Horse Collar
18:28 Stone Mining
19:48 Crossbowman
22:04 Pikeman
27:00 Eagle Warrior
27:57 Forging
31:22 Wheelbarrow
31:06 Heavy Plow
33:36 Hand Cart
38:30 Imperial Age
36:39 Fletching
36:50 Padded Archer Armor
39:40 Bow Saw
38:57 Halberdier
41:48 Iron Casting
41:14 Scale Mail Armor
Connection lost

Rejoining the realm…

Still unreachable

The connection could not be restored.

Session expired

The server has moved on; the page needs a fresh start.